 Dungeon Crawl Stone Soup version 0.22.0-27-ga576289 (webtiles) character file.

208908 iamserjio the Brawler (level 17, -13/167 HPs)
             Began as a Troll Fighter on Aug 21, 2018.
             Was a High Priest of Cheibriados.
             Mangled by a manticore (14 damage)
             ... on level 4 of the Shoals.
             The game lasted 02:12:33 (11673 turns).

iamserjio the Brawler (Troll Fighter)              Turns: 11673, Time: 02:12:33

Health: -13/167    AC: -4    Str: 42    XL:     17   Next: 66%
Magic:  23/28      EV: 13    Int: 23    God:    Cheibriados [*****.]
Gold:   1193       SH: 14    Dex: 23    Spells: 24/32 levels left

rFire    + . .     SeeInvis .     - Unarmed
rCold    + . .     Gourm    +   b - +0 shield
rNeg     . . .     Faith    .   c - +2 robe of Vines {NoPotionHeal Regen+7}
rPois    +         Spirit   .   (helmet restricted)
rElec    .         Reflect  .   O - scarf {rC+ rF+}
rCorr    .         Harm     .   (gloves unavailable)
MR       +....                  (boots unavailable)
Stlth    ++........             k - amulet of the acrobat
HPRegen  3.57/turn              C - ring of poison resistance
MPRegen  0.21/turn              r - +5 ring of protection

@: corroded, very slow
A: large, unfitting armour, claws 3, fast metabolism 3, gourmand, regeneration
1, shaggy fur 1, tough skin 2
}: 2/15 runes: serpentine, barnacled
a: Bend Time, Temporal Distortion, Slouch, Step From Time, Renounce Religion


You were on level 4 of the Shoals.
You worshipped Cheibriados.
Cheibriados was extremely pleased with you.
You were full.

You visited 6 branches of the dungeon, and saw 28 of its levels.
You visited the Abyss 1 time.
You visited 1 bazaar.
You also visited: Labyrinth, Ossuary, Bailey, Ice Cave and Volcano.

You collected 4002 gold pieces.
You spent 2809 gold pieces at shops.

Inventory:

Hand Weapons
 o - a +5 scimitar of flaming
 W - a +1 flail of distortion
Missiles
 n - 7 large rocks (quivered)
 y - 6 throwing nets {!f}
 F - 6 tomahawks of dispersal
Armour
 b - a +0 shield (worn)
 c - the +2 robe of Vines (worn) {NoPotionHeal Regen+7}
   (You found it in a labyrinth)

   It increases your rate of regeneration.
 p - a +0 large shield
 N - a scarf of cloud immunity
 O - a scarf of resistance (worn)
 T - the +1 robe of Negation {rF+ Str+4 Int+3}
   (You bought it in a shop in a bazaar)

   It affects your strength (+4).
   It affects your intelligence (+3).
   It protects you from fire.
 U - a +2 cloak of magic resistance
Magical Staves
 q - an uncursed staff of cold
Jewellery
 k - an amulet of the acrobat (around neck)
 r - a +5 ring of protection (right claw)
 C - a ring of poison resistance (left claw)
 L - an uncursed amulet of magic regeneration
Wands
 t - a wand of enslavement (8)
 v - a wand of digging (12)
 E - a wand of paralysis (27)
 K - a wand of acid (2)
 X - a wand of iceblast (1)
 Z - a wand of clouds (3)
Scrolls
 f - 4 scrolls of enchant armour
 i - 5 scrolls of immolation
 j - 6 scrolls of teleportation
 m - 2 scrolls of fog
 s - a scroll of identify {@r1}
 u - 4 scrolls of holy word
 x - 2 scrolls of silence
 A - 2 scrolls of amnesia
 B - 2 scrolls of vulnerability
 I - 4 scrolls of remove curse {@r2}
 J - 2 scrolls of magic mapping
 Y - 2 scrolls of fear
Potions
 a - 4 potions of heal wounds
 e - 6 potions of curing {@q1}
 g - 3 potions of resistance
 h - 5 potions of agility
 l - a potion of magic
 w - a potion of brilliance
 z - 3 potions of cancellation
 H - 3 potions of mutation
 P - 2 potions of lignification
 Q - 2 potions of might
 R - 3 potions of flight
Miscellaneous
 S - a box of beasts
Comestibles
 d - 34 rations


   Skills:
 + Level 10.7 Fighting
 - Level 4.0 Dodging
 + Level 9.9 Shields
 * Level 16.2 Unarmed Combat
 * Level 8.2 Spellcasting
 - Level 9.0 Transmutations
 - Level 12.0 Earth Magic
 - Level 7.3 Invocations
 - Level 1.0 Evocations


You had 24 spell levels left.
You knew the following spells:

 Your Spells              Type           Power        Failure   Level  Hunger
a - Statue Form           Tmut/Erth      ######...    14%         6    ######.
b - Blink                 Tloc           N/A          11%         2    None

Your spell library contained the following spells:

 Spells                   Type           Power        Failure   Level  Hunger
 Leda's Liquefaction      Hex/Erth       #####.....   6%          4    ##.....
 Corona                   Hex            #......      7%          1    None
 Flame Tongue             Conj/Fire      #....        7%          1    None
 Magic Dart               Conj           #...         7%          1    None
 Call Imp                 Summ           #.......     11%         2    None
 Searing Ray              Conj           #.....       11%         2    None
 Slow                     Hex            #.......     11%         2    None
 Ice Form                 Ice/Tmut       ####....     11%         4    ##.....
 Conjure Flame            Conj/Fire      #.......     21%         3    None
 Dazzling Spray           Conj/Hex       #.....       21%         3    None
 Inner Flame              Hex/Fire       #.......     21%         3    None
 Mephitic Cloud           Conj/Pois/Air  #.......     21%         3    None
 Portal Projectile        Hex/Tloc       #.....       21%         3    None
 Bolt of Magma            Conj/Fire/Erth ####......   36%         5    #####..
 Cause Fear               Hex            #.........   56%         4    ##.....
 Force Lance              Conj/Tloc      #.......     56%         4    ##.....
 Fulminant Prism          Conj/Hex       #.........   56%         4    ##.....
 Iskenderun's Mystic Bla  Conj           #.......     56%         4    ##.....
 Iron Shot                Conj/Erth      #####.....   65%         6    ######.
 Dragon Form              Tmut           ######....   82%         7    #######
 Iskenderun's Battlesphe  Conj/Chrm      #.......     88%         5    #####..
 Metabolic Englaciation   Hex/Ice        #.........   88%         5    #####..
 Venom Bolt               Conj/Pois      #.........   88%         5    #####..
 Bolt of Cold             Conj/Ice       #.........   100%        6    ######.
 Bolt of Fire             Conj/Fire      #.........   100%        6    ######.
 Freezing Cloud           Conj/Ice/Air   #.........   100%        6    ######.
 Ozocubu's Refrigeration  Ice            #.........   100%        6    ######.
 Simulacrum               Ice/Necr       #.........   100%        6    ######.
 Orb of Destruction       Conj           #.........   100%        7    #######
 Spellforged Servitor     Conj/Summ      #.........   100%        7    #######
 Dragon's Call            Summ           #.........   100%        9    #######
 Shatter                  Erth           ######....   100%        9    #######


Dungeon Overview and Level Annotations

Branches:
Dungeon (11/15)            Temple (1/1) D:5            Lair (6/6) D:8
 Shoals (4/4) Lair:4        Snake (4/4) Lair:2          Orc (2/2) D:11
    Elf (0/3) Orc:2
  Slime: Lair:5-6

Altars:
Ashenzari
Cheibriados
Elyvilon
Fedhas
Gozag
Hepliaklqana
Kikubaaqudgha
Makhleb
Nemelex Xobeh
Trog
Uskayaw
Vehumet
Wu Jian
Xom
Yredelemnul
Zin
The Shining One
Beogh

Shops:
Orc:2 :[!?

Portals:
Pandemonium: Orc:2

Annotations:
Lair:1 exclusion: oklob plant
Snake:2 Saint Roka


Innate Abilities, Weirdness & Mutations

You are too large for most types of armour.
You have claws for hands.
Your metabolism is lightning-fast.
You like to eat raw meat.
Your natural rate of healing is unusually fast.
You are covered in fur. (AC +1)
You have very tough skin. (AC +2)


Message History

The manticore is moderately wounded.
You carefully extract the barbed spikes from your body.
You scratch the manticore but do no damage.
The manticore is moderately wounded.
The manticore bites you.
* * * LOW HITPOINT WARNING * * *
The manticore claws you!
* * * LOW HITPOINT WARNING * * *
You block the manticore's attack.
You scratch the manticore.
The manticore is moderately wounded.
The manticore bites you!!
* * * LOW HITPOINT WARNING * * *
You block the manticore's attack. The manticore misses you.
You can feel time thicken for a moment.
You feel somewhat less full.
Cheibriados lowers the support of your attributes as your movement quickens.
The manticore bites you!
* * * LOW HITPOINT WARNING * * *
The manticore misses you. The manticore claws you!
You die...

### ### ##.. #.# #...≈...
....≈≈≈≈≈ #.#.#.###...≈..≈≈
#≈.).≈.#.........
##.#.#.##.......#
#...≈...#.[.....#######
##...#..##..(.###.#.≈.##
.#######......##@..≈...#.≈≈P≈≈≈≈≈
.##.#(#...)...≈##H#.#.###.≈PP≈≈≈≈
...≈(≈≈≈......##.≈.).≈.##.P≈≈≈≈≈≈
≈≈≈)÷≈≈≈≈.....###.#.#.###..PPP≈≈≈
≈≈≈≈≈≈≈≈≈≈≈...##...≈...##.PPPP≈≈≈
(≈≈≈≈≈≈≈≈≈≈≈≈..##...≈..##.≈PP≈≈≈≈
(≈≈≈≈≈≈≈≈≈≈≈)≈..#######...P≈P≈≈≈≈
≈≈≈≈≈≈≈≈≈≈≈≈≈≈≈.#.≈≈.#≈...≈≈≈≈≈≈≈
m≈≈≈≈≈≈≈≈≈≈≈≈≈≈≈.........≈≈≈≈####


You could see a manticore.

Vanquished Creatures
  The ghost of Fingolfin the Eclecticist, an adept NaWz of Sif Muna (Shoals:2)
  Polyphemus (Shoals:4)
  Kirke (Lair:6)
  An Executioner (Abyss:2)
  2 tentacled starspawn (Abyss:2)
  The ghost of WinstonMain the Bludgeoner, an adept DsAK of Lugonu (Shoals:3)
  A frost giant (Shoals:4)
  A draconian monk (Abyss:2)
  9 nagarajas
  A minotaur (Lab)
  A merfolk javelineer (Shoals:4)
  2 blizzard demons (IceCv)
  A fire dragon (Lair:6)
  5 merfolk impalers (Shoals:4)
  9 naga warriors
  2 hydras (Lair:6)
  A centaur warrior (D:11)
  8 anacondas
  A catoblepas (Shoals:4)
  2 alligator snapping turtles (Shoals:1)
  4 merfolk avatars (Shoals:2)
  3 two-headed ogres
  A merfolk aquamancer (Shoals:4)
  4 orc high priests (Orc:2)
  A thrashing horror (Abyss:2)
  A death yak (Shoals:4)
  3 shock serpents
  12 naga sharpshooters
  A hell knight (Abyss:2)
  A soul eater (Orc:2)
  A deep elf knight (D:10)
  A salamander mystic (Snake:4)
  A fire crab (Lair:6)
  10 sea snakes
  2 gelid demonspawn (Orc:2)
  An infernal demonspawn (Orc:2)
  A torturous demonspawn (Orc:2)
  9 naga ritualists
  An unseen horror (D:10)
  3 harpies (Shoals:2)
  5 orc knights
  An ugly thing (D:10)
  7 mana vipers
  A cyclops (Shoals:2)
  8 orc sorcerers (Orc:2)
  3 large abominations (Abyss:2)
  A wolf spider (Snake:2)
  10 manticores
  8 salamanders
  13 fauns
  14 merfolk sirens
  A frost giant skeleton (Abyss:2)
  9 water nymphs
  3 rust devils
  2 molten gargoyles (Lair:6)
  7 guardian serpents
  An eye of devastation (Snake:4)
  An ice statue (IceCv)
  34 black mambas
  Psyche (D:11)
  A smoke demon (Abyss:2)
  15 naga magi
  9 spiny frogs
  2 gargoyles
  A hellion (Abyss:2)
  An orange demon (Abyss:2)
  4 komodo dragons
  An ancient zyme (Abyss:2)
  A rime drake (Lair:5)
  7 freezing wraiths
  An efreet (Volcano)
  7 ice devils
  7 anaconda simulacra (IceCv)
  A harpy zombie (Abyss:2)
  2 hellwings (Orc:2)
  A red devil (Orc:2)
  6 trolls
  A golden dragon simulacrum (IceCv)
  24 blink frogs
  11 merfolk
  A hornet (D:10)
  6 wind drakes
  A raiju (Abyss:2)
  6 hippogriffs
  7 snapping turtles
  8 dream sheep
  19 starcursed masses (Abyss:2)
  2 ynoxinuls (Abyss:2)
  Eustachio (D:6)
  4 water elementals
  13 yaks
  A hog (Lair:6)
  A wyvern (Lair:4)
  7 basilisks
  2 fire elementals (Volcano)
  2 steam dragons (Lair:6)
  Menkaure (D:6)
  A spatial vortex (Abyss:2)
  3 harpy simulacra (IceCv)
  A vampire mosquito (D:10)
  4 wargs
  11 water moccasins
  4 hell hounds (Lair:6)
  4 hydra simulacra (IceCv)
  40 nagas
  39 orc warriors
  7 porcupines
  3 small abominations (Abyss:2)
  2 ice beasts
  2 sky beasts
  A phantom (D:11)
  A necrophage (D:10)
  2 black bears
  An alligator simulacrum (IceCv)
  29 wolves (Lair:6)
  4 ogres
  14 centaurs
  9 crocodiles
  14 bullfrogs
  2 big kobolds
  A gnoll sergeant (D:6)
  2 scorpions
  A water moccasin skeleton (D:10)
  A wyvern skeleton (D:11)
  8 killer bees
  A howler monkey (D:5)
  9 wights
  2 electric eels (Lair:5)
  3 crimson imps
  4 draconian simulacra (IceCv)
  A quasit (D:10)
  2 hounds
  4 lava snakes (Lair:6)
  2 bullfrog zombies
  A centaur zombie (Ossuary)
  2 jellies
  4 centaur skeletons
  21 orc priests
  21 orc wizards
  A bullfrog skeleton (D:10)
  An iguana (D:9)
  5 hell rats (Lair:2)
  8 worker ants
  A spriggan simulacrum (IceCv)
  A killer bee zombie (D:9)
  A polar bear simulacrum (IceCv)
  A big kobold zombie (Ossuary)
  A centaur simulacrum (IceCv)
  A hound skeleton (D:7)
  2 hound zombies
  4 mummies (Ossuary)
  8 gnolls
  9 adders
  A howler monkey skeleton (D:9)
  2 ogre simulacra (IceCv)
  2 river rats (Lair:4)
  2 shadow imps (D:10)
  6 white imps
  8 ufetubi (IceCv)
  A worm (D:2)
  3 dart slugs (D:1)
  6 leopard geckos
  80 orcs
  2 ball pythons
  3 bats
  4 giant cockroaches
  4 goblins
  5 hobgoblins
  7 jackals
  18 kobolds
  3 frilled lizards
  A goblin zombie (D:8)
  2 hobgoblin zombies (Ossuary)
  A quokka skeleton (D:5)
  A quokka zombie (D:8)
  4 rats
  A rat zombie (D:8)
  A lurking horror (Abyss:2)
927 creatures vanquished.

Vanquished Creatures (others)
  A merfolk aquamancer (Shoals:2)
  A wind drake (Shoals:2)
  A blink frog (Lair:6)
  A yak (Lair:6)
  5 humans (Lair:6)
  A naga (Snake:1)
  A shadow imp (D:10)
  An orc (D:6)
  9 fungi
  3 plants (Lair:6)
  6 starspawn tentacles (Abyss:2)
30 creatures vanquished.

Grand Total: 957 creatures vanquished

Notes
Turn   | Place    | Note
-------+----------+-------------------------------------------
     0 | D:1      | iamserjio the Troll Fighter began the quest for the Orb.
     0 | D:1      | Reached XP level 1. HP: 22/22 MP: 0/0
    51 | D:1      | Reached XP level 2. HP: 25/29 MP: 1/1
   156 | D:1      | Reached skill level 3 in Unarmed Combat
   262 | D:2      | Reached XP level 3. HP: 33/36 MP: 2/2
   562 | D:4      | Reached XP level 4. HP: 44/44 MP: 3/3
   572 | D:4      | Reached skill level 4 in Unarmed Combat
   925 | D:5      | Entered Level 5 of the Dungeon
   925 | D:5      | Found a staircase to the Ecumenical Temple.
   932 | D:5      | Reached XP level 5. HP: 46/50 MP: 4/4
   937 | Temple   | Entered the Ecumenical Temple
   955 | Temple   | Became a worshipper of Cheibriados the Contemplative
  1038 | D:5      | Noticed a centaur
  1043 | D:5      | Reached skill level 5 in Unarmed Combat
  1056 | D:5      | Killed a centaur
  1056 | D:5      | Reached XP level 6. HP: 44/59 MP: 5/5
  1107 | D:6      | Noticed Eustachio
  1109 | D:6      | Noticed an orc warrior
  1116 | D:6      | Killed an orc warrior
  1116 | D:6      | Reached skill level 6 in Unarmed Combat
  1119 | D:6      | Noticed Menkaure
  1129 | D:6      | Reached XP level 7. HP: 50/66 MP: 6/6
  1132 | D:6      | Killed Menkaure
  1145 | D:6      | Killed Eustachio
  1180 | D:6      | Noticed a hippogriff
  1186 | D:6      | Killed a hippogriff
  1186 | D:6      | Reached * piety under Cheibriados
  1186 | D:6      | Reached skill level 7 in Unarmed Combat
  1186 | D:6      | Reached XP level 8. HP: 51/76 MP: 7/7
  1264 | D:6      | Reached skill level 5 in Shields
  1331 | D:5      | Reached skill level 8 in Unarmed Combat
  1591 | D:6      | Reached skill level 9 in Unarmed Combat
  1609 | D:6      | Reached XP level 9. HP: 85/85 MP: 8/8
  1655 | D:6      | Reached ** piety under Cheibriados
  1957 | D:7      | Found a white marble altar of Elyvilon.
  1959 | D:7      | Reached skill level 5 in Fighting
  2094 | D:8      | Reached *** piety under Cheibriados
  2106 | D:8      | Reached skill level 10 in Unarmed Combat
  2280 | D:8      | Noticed a two-headed ogre
  2286 | D:8      | Killed a two-headed ogre
  2286 | D:8      | Reached XP level 10. HP: 98/98 MP: 9/9
  2296 | D:8      | Found a sand-covered staircase.
  2303 | Ossuary  | Entered an ossuary
  2624 | D:10     | Entered Level 10 of the Dungeon
  2659 | D:10     | Noticed a cyan ugly thing
  2665 | D:10     | Noticed a skeletal warrior
  2667 | D:10     | Reached **** piety under Cheibriados
  2672 | D:10     | Killed an unseen horror
  2672 | D:10     | Reached skill level 11 in Unarmed Combat
  2672 | D:10     | Reached skill level 1 in Invocations
  2680 | D:10     | Killed a cyan ugly thing
  2694 | D:10     | Noticed a swamp dragon
  2807 | D:10     | Noticed a deep elf knight
  2825 | D:10     | Killed a deep elf knight
  2897 | D:10     | Noticed a gargoyle
  2906 | D:10     | Reached ***** piety under Cheibriados
  2910 | D:10     | Killed a gargoyle
  2910 | D:10     | Reached XP level 11. HP: 107/107 MP: 12/12
  3029 | D:10     | Noticed a two-headed ogre
  3040 | D:10     | Killed a two-headed ogre
  3128 | D:10     | Paralysed by a hornet for 1 turns
  3149 | D:10     | Reached skill level 12 in Unarmed Combat
  3221 | D:11     | Noticed a centaur warrior
  3236 | D:11     | Killed a centaur warrior
  3315 | D:11     | Found a staircase to the Orcish Mines.
  3517 | D:11     | Noticed Psyche
  3538 | D:11     | Killed Psyche
  3568 | Orc:1    | Entered Level 1 of the Orcish Mines
  3611 | Orc:1    | Reached ****** piety under Cheibriados
  3653 | Orc:1    | Found a flagged portal.
  3657 | Orc:1    | Noticed an orc knight
  3663 | Bailey   | Entered a bailey
  3769 | Bailey   | Reached skill level 1 in Evocations
  3830 | Bailey   | Found the +11 plutonium sword {*Contam Stlth-}
  3999 | Orc:1    | Killed an orc knight
  3999 | Orc:1    | Reached skill level 13 in Unarmed Combat
  4083 | Orc:2    | Entered Level 2 of the Orcish Mines
  4096 | Orc:2    | Reached skill level 5 in Invocations
  4105 | Orc:2    | Found a staircase to the Elven Halls.
  4120 | Orc:2    | Noticed an orc sorcerer
  4120 | Orc:2    | Noticed a two-headed ogre
  4123 | Orc:2    | Killed an orc sorcerer
  4123 | Orc:2    | Reached XP level 12. HP: 100/119 MP: 14/14
  4127 | Orc:2    | Killed a two-headed ogre
  4213 | Orc:2    | Found Xakk's Magic Scroll Emporium.
  4215 | Orc:2    | Found Vycva's Distillery.
  4412 | Orc:2    | Found a roughly hewn altar of Beogh.
  4421 | Orc:2    | Found a flickering gateway to a bazaar.
  4435 | Bazaar   | Entered a bazaar
  4437 | Bazaar   | Found Fustraoko's Armour Shoppe.
  4441 | Bazaar   | Found Woytinnepoe's General Store.
  4446 | Bazaar   | Found Isilol's Distillery.
  4451 | Bazaar   | Bought a scroll of magic mapping for 49 gold pieces
  4456 | Bazaar   | Bought a potion of mutation for 72 gold pieces
  4456 | Bazaar   | Bought a potion of lignification for 27 gold pieces
  4456 | Bazaar   | Bought a potion of curing for 27 gold pieces
  4456 | Bazaar   | Bought a potion of might for 36 gold pieces
  4456 | Bazaar   | Bought a potion of flight for 27 gold pieces
  4456 | Bazaar   | Bought a potion of degeneration for 9 gold pieces
  4466 | Bazaar   | Found Ysedghiyq's Antique Armour Boutique.
  4473 | Bazaar   | Bought a shimmering robe for 96 gold pieces
  4483 | Bazaar   | Identified the +1 robe of Negation {rF+ Str+4 Int+3} (You bought it in a shop in a bazaar)
  4507 | Bazaar   | Bought a +1 cloak of magic resistance for 214 gold pieces
  4517 | Bazaar   | Bought a +2 troll leather armour for 378 gold pieces
  4876 | Orc:2    | Reached skill level 14 in Unarmed Combat
  4877 | Orc:2    | Noticed an orc high priest
  4887 | Orc:2    | Killed an orc high priest
  4920 | Orc:2    | Noticed an orc high priest
  4920 | Orc:2    | Noticed an orc high priest
  4928 | Orc:2    | Noticed an orc high priest
  4934 | Orc:2    | Killed an orc high priest
  4936 | Orc:2    | Killed an orc high priest
  4939 | Orc:2    | Reached XP level 13. HP: 46/130 MP: 5/17
  5013 | Orc:2    | Found Meawauc's Antique Armour Boutique.
  5013 | Orc:2    | Found a one-way gate leading to the halls of Pandemonium.
  5013 | Orc:2    | Found Unas's Book Shop.
  5051 | Orc:2    | Bought a scroll of random uselessness for 16 gold pieces
  5051 | Orc:2    | Bought a scroll of remove curse for 48 gold pieces
  5051 | Orc:2    | Bought a scroll of noise for 16 gold pieces
  5055 | Orc:2    | Bought a scroll of fog for 32 gold pieces
  5055 | Orc:2    | Bought a scroll of teleportation for 48 gold pieces
  5055 | Orc:2    | Bought a scroll of identify for 32 gold pieces
  5055 | Orc:2    | Bought a scroll of identify for 32 gold pieces
  5055 | Orc:2    | Identified a scroll of acquirement
  5087 | Orc:2    | Bought a book of the Earth for 975 gold pieces
  5094 | Orc:2    | Learned a level 6 spell: Statue Form
  5096 | Orc:2    | Bought a runed scarf for 216 gold pieces
  5127 | Orc:2    | Bought a potion of brilliance for 68 gold pieces
  5127 | Orc:2    | Bought a potion of might for 68 gold pieces
  5127 | Orc:2    | Bought a potion of heal wounds for 85 gold pieces
  5127 | Orc:2    | Bought a potion of curing for 51 gold pieces
  5127 | Orc:2    | Bought a potion of curing for 51 gold pieces
  5127 | Orc:2    | Bought a potion of cancellation for 136 gold pieces
  5494 | D:8      | Found a staircase to the Lair.
  5502 | Lair:1   | Entered Level 1 of the Lair of Beasts
  5529 | Lair:1   | Learned a level 2 spell: Blink
  5661 | Lair:1   | Reached skill level 15 in Unarmed Combat
  5701 | Lair:2   | Found a dark tunnel.
  5723 | Volcano  | Entered a volcano
  5729 | Volcano  | Reached skill level 1 in Earth Magic
  5780 | Volcano  | Reached skill level 1 in Transmutations
  5896 | Lair:2   | Got a warped lapis lazuli ring
  5904 | Lair:2   | Identified the cursed ring "Ufys" {AC-3 Int+2 Dex+4 Stlth-} (You found it on level 2 of the Lair of Beasts)
  5914 | Lair:2   | Found a staircase to the Snake Pit.
  5931 | Snake:1  | Entered Level 1 of the Snake Pit
  5981 | Snake:1  | Reached skill level 1 in Spellcasting
  6137 | Snake:1  | Found a shimmering altar of Xom.
  6242 | Snake:2  | Noticed Saint Roka
  6269 | Snake:3  | Found a snail-covered altar of Cheibriados.
  6375 | Snake:3  | Reached XP level 14. HP: 140/140 MP: 9/18
  6539 | Snake:3  | Reached skill level 5 in Earth Magic
  6629 | Snake:3  | Noticed a nagaraja
  6639 | Snake:3  | Killed a nagaraja
  6678 | Snake:3  | Reached skill level 5 in Transmutations
  6687 | Snake:4  | Entered Level 4 of the Snake Pit
  6762 | Snake:4  | Reached skill level 10 in Fighting
  6866 | Snake:4  | Noticed a nagaraja
  6932 | Snake:4  | Killed a nagaraja
  6999 | Snake:4  | Noticed a nagaraja
  7007 | Snake:4  | Killed a nagaraja
  7131 | Snake:4  | Noticed a nagaraja
  7249 | Snake:4  | Reached XP level 15. HP: 59/149 MP: 20/20
  7311 | Snake:4  | Noticed a nagaraja
  7311 | Snake:4  | Noticed a nagaraja
  7321 | Snake:4  | Killed a nagaraja
  7326 | Snake:4  | Killed a nagaraja
  7422 | Snake:4  | Reached skill level 5 in Spellcasting
  7438 | Snake:4  | Noticed a nagaraja
  7470 | Snake:4  | Killed a nagaraja
  7502 | Snake:4  | Noticed a nagaraja
  7507 | Snake:4  | Killed a nagaraja
  7551 | Snake:4  | Got a serpentine rune of Zot
  7571 | Snake:4  | Noticed a nagaraja
  7580 | Snake:4  | Killed a nagaraja
  7804 | Snake:2  | Noticed a nagaraja
  7855 | Snake:2  | Killed a nagaraja
  8511 | Lair:4   | Found a staircase to the Shoals.
  8616 | Lair:6   | Entered Level 6 of the Lair of Beasts
  8647 | Lair:6   | Found a labyrinth entrance.
  8750 | Lab      | Entered a labyrinth
  8914 | Lab      | Found the +2 robe of Vines {NoPotionHeal Regen+7}
  9079 | Lair:6   | Noticed Kirke
  9086 | Lair:6   | Reached skill level 10 in Earth Magic
  9095 | Lair:6   | Killed Kirke
  9095 | Lair:6   | Reached XP level 16. HP: 148/158 MP: 24/24
  9344 | Lair:6   | Found a large runed door.
  9344 | Lair:6   | Found a large runed door.
  9829 | Shoals:1 | Entered Level 1 of the Shoals
  9969 | Shoals:1 | You fall through a shaft!
 10099 | Shoals:1 | Found a blossoming altar of Fedhas.
 10172 | Shoals:1 | Found a frozen archway.
 10184 | IceCv    | Entered an ice cave
 10671 | Shoals:2 | Noticed Fingolfin's ghost (adept NaWz)
 10675 | Shoals:2 | Found a transporter.
 10768 | Shoals:2 | Killed Fingolfin's ghost
 10773 | Shoals:2 | Reached XP level 17. HP: 73/166 MP: 12/26
 10918 | Shoals:3 | Found a runed door.
 10919 | Shoals:3 | Noticed WinstonMain's ghost (adept DsAK)
 10942 | Shoals:3 | Killed WinstonMain's ghost
 10983 | Shoals:4 | Entered Level 4 of the Shoals
 10983 | Shoals:4 | Noticed Polyphemus
 10992 | Shoals:4 | Killed Polyphemus
 11114 | Shoals:4 | Got a barnacled rune of Zot
 11136 | Shoals:4 | Found the +9 heavy crossbow "Sniper" {velocity, Acc+∞ SInv}
 11167 | Shoals:4 | Found the +12 glaive of Prune {chop}
 11203 | Shoals:4 | Cast into level 2 of the Abyss (merfolk)
 11231 | Abyss:2  | Found a shimmering altar of Xom.
 11260 | Abyss:2  | Reached skill level 16 in Unarmed Combat
 11358 | Abyss:2  | Paralysed by accursed screaming for 1 turns
 11649 | Shoals:4 | Escaped the Abyss
 11673 | Shoals:4 | HP: 1/167 [manticore (17)]
 11673 | Shoals:4 | Mangled by a manticore

Skill      XL: |  1  2  3  4  5  6  7  8  9 10 11 12 13 14 15 16 17 |
---------------+----------------------------------------------------+-----
Unarmed Combat | 3 4 5 6 7 9 10 11 13 14 15 16 | 16.2
Shields        | 3 4 5 6 7 8 9 |  9.9
Fighting       | 3 4 5 6 7 8 9 10 | 10.7
Dodging        | 3 4 |  4.0
Invocations    | 3 5 6 7 |  7.3
Evocations     | 1 |  1.0
Earth Magic    | 4 7 10 12 | 12.0
Transmutations | 4 7 8 9 |  9.0
Spellcasting   | 2 4 6 7 8 |  8.2

Action                   |  1- 3 |  4- 6 |  7- 9 | 10-12 | 13-15 | 16-18 || total
-------------------------+-------+-------+-------+-------+-------+-------++-------
Melee: Unarmed           |   112 |    88 |   250 |   672 |   942 |   654 ||  2718
       Scimitar          |       |       |       |       |     4 |     6 ||    10
Throw: Large rock        |       |       |       |     1 |     1 |     1 ||     3
       Throwing net      |       |       |       |       |     1 |       ||     1
 Cast: Statue Form       |       |       |       |       |       |    29 ||    29
Invok: Slouch            |       |       |       |     5 |    14 |     9 ||    28
       Temporal Distorti |       |       |       |     1 |     4 |     3 ||     8
 Abil: End Transformatio |       |       |       |       |       |     4 ||     4
Evoke: Wand              |       |     1 |    14 |    14 |    11 |     8 ||    48
  Use: Scroll            |       |     6 |     5 |     7 |    18 |     4 ||    40
       Potion            |       |     1 |     1 |     5 |     6 |     2 ||    15
 Stab: Paralysed         |       |     2 |     5 |       |       |       ||     7
       Sleeping          |       |       |       |     1 |     3 |       ||     4
       Invisible         |       |       |       |     1 |       |       ||     1
       Held in net/web   |       |       |       |       |     1 |       ||     1
       Distracted        |       |       |       |       |     1 |     2 ||     3
  Eat: Chunk             |     4 |    12 |     3 |    17 |    37 |    30 ||   103
       Ration            |       |       |       |       |       |     1 ||     1
Armor: Robe              |    35 |    27 |   102 |    99 |     8 |   101 ||   372
       Troll leather arm |       |       |       |    24 |   219 |       ||   243
       Skin              |       |       |       |       |    15 |   277 ||   292
Dodge: Dodged            |    51 |    36 |   115 |   309 |   414 |   622 ||  1547
Block: Shield            |    61 |    50 |   162 |   486 |   424 |   732 ||  1915
       Large shield      |       |       |       |       |   373 |       ||   373
       Rpst.: Scimitar   |       |       |       |       |     1 |     1 ||     2
